 Dungeon Crawl Stone Soup version 0.29-a0-397-g846e4a0bbc (webtiles) character file.

Game seed: 9442542916542947335

99 hquester the Digger (level 4, -8/24 HPs)
             Began as a Gargoyle Earth Elementalist on May 11, 2022.
             Mangled by Crazy Yiuf
             ... wielding a +3 quarterstaff of chaos
              (13 damage)
             ... on level 2 of the Dungeon.
             The game lasted 00:12:42 (2827 turns).

hquester the Digger (Gargoyle Earth Elementalist)   Turns: 2827, Time: 00:12:42

Health: -8/24      AC:  7    Str: 12    XL:     4   Next: 72%
Magic:  4/8        EV: 12    Int: 17    God:
Gold:   102        SH:  0    Dex: 10    Spells: 7/8 levels left

rFire   . . .      SeeInvis .   j - +0 mace
rCold   . . .      Faith    .   (no shield)
rNeg    + . .      Spirit   .   b - +0 robe
rPois   ∞          Reflect  .   (no helmet)
rElec   +          Harm     .   k - +0 cloak
rCorr   .          Rampage  .   (no gloves)
Will    .....                   h - +0 pair of boots
Stlth   ++........              (no amulet)
HPRegen 0.08/turn               (no ring)
MPRegen 0.11/turn               (no ring)

@: no status effects
A: sickness immunity, AC +3, negative energy resistance 1, electricity
resistance, torment resistance 1, petrification resistance
a: no special abilities


You were on level 2 of the Dungeon.
You visited 1 branch of the dungeon, and saw 2 of its levels.

You collected 102 gold pieces.

Inventory:

Hand Weapons
 f - a +0 hand axe
 j - a +0 mace (weapon)
Missiles
 a - 118 stones
 d - 4 javelins
 o - a throwing net
Armour
 b - a +0 robe (worn)
 h - a +0 pair of boots (worn)
 k - a +0 cloak (worn)
Scrolls
 e - a scroll of poison {unknown}
 i - a scroll of teleportation {unknown}
 l - a scroll of magic mapping {unknown}
 m - a scroll of torment {unknown}
 n - 2 scrolls of identify {unknown}
Potions
 c - a potion of magic
 g - a potion of heal wounds {unknown}


   Skills:
 + Level 0.4 Fighting
 + Level 1.2 Maces & Flails
 + Level 0.1 Polearms
 + Level 2.2 Dodging
 + Level 2.5 Stealth
 + Level 2.7 Spellcasting
 + Level 0.7 Transmutations
 + Level 4.5 Earth Magic


You had 7 spell levels left.
You knew the following spells:

 Your Spells              Type           Power      Damage    Failure   Level
a - Sandblast             Erth           34%        2d9       2%          1

Your spell library contained the following spells:

 Spells                   Type           Power      Damage    Failure   Level
 Passwall                 Tmut/Erth      9%         N/A       9%          2
 Sting                    Tmut/Pois      12%        1d3       16%         1
 Stone Arrow              Conj/Erth      20%        3d8       22%         3
 Petrify                  Tmut/Erth      11%        N/A       52%         4


Dungeon Overview and Level Annotations

Branches:
Dungeon (2/15)

Altars:

Annotations:
D:2 Crazy Yiuf


Innate Abilities, Weirdness & Mutations

You are immune to sickness and miasma.
Your stone body is resilient. (AC +3)
You are immune to poison.
You resist negative energy. (rN+)
You are resistant to electric shocks. (rElec)
You are resistant to unholy torment.
You are immune to petrification.


Message History

You closely miss Crazy Yiuf. Crazy Yiuf closely misses you.
Casting: Sandblast (safe; 2% risk of failure)
Confirm with . or Enter, or press ? or * to list all spells.
Aiming: Sandblast (safe; 2% risk of failure)
Press: ? - help, Shift-Dir - straight line, f - Crazy Yiuf
Aim: Crazy Yiuf, wielding a +3 quarterstaff of chaos and wearing a +0 cloak of willpower (82% to hit)
The blast of sand hits Crazy Yiuf!
Crazy Yiuf is moderately wounded.
Crazy Yiuf hits you with a +3 quarterstaff of chaos!
Ouch! That really hurt!
Crazy Yiuf freezes you.
* * * LOW HITPOINT WARNING * * *
Casting: Sandblast (safe; 2% risk of failure)
Confirm with . or Enter, or press ? or * to list all spells.
Aiming: Sandblast (safe; 2% risk of failure)
Press: ? - help, Shift-Dir - straight line, f/p - Crazy Yiuf
Aim: Crazy Yiuf, wielding a +3 quarterstaff of chaos and wearing a +0 cloak of willpower (moderately wounded, 82% to hit)
The blast of sand hits Crazy Yiuf.
Crazy Yiuf is severely wounded.
Crazy Yiuf screams, "Millenium!
You snail spinner."
Crazy Yiuf closely misses you.
Casting: Sandblast (safe; 2% risk of failure)
Confirm with . or Enter, or press ? or * to list all spells.
Aiming: Sandblast (safe; 2% risk of failure)
Press: ? - help, Shift-Dir - straight line, f/p - Crazy Yiuf
Aim: Crazy Yiuf, wielding a +3 quarterstaff of chaos and wearing a +0 cloak of willpower (severely wounded, 82% to hit)
The blast of sand hits Crazy Yiuf.
Crazy Yiuf is almost dead.
Crazy Yiuf glowers.
Crazy Yiuf hits you but does no damage.
Casting: Sandblast (safe; 2% risk of failure)
Confirm with . or Enter, or press ? or * to list all spells.
Aiming: Sandblast (safe; 2% risk of failure)
Press: ? - help, Shift-Dir - straight line, f/p - Crazy Yiuf
Aim: Crazy Yiuf, wielding a +3 quarterstaff of chaos and wearing a +0 cloak of willpower (almost dead, 82% to hit)
The blast of sand hits Crazy Yiuf but does no damage.
Crazy Yiuf is almost dead.
Crazy Yiuf hits you with a +3 quarterstaff of chaos!
Ouch! That really hurt!
You die...

#.............#
######........#
####.....#
##### ####### #
#)..# # #...# #
... # #g# #
♣@♣♣
############
♣♣.♣
#...........
♣.♣♣
#.##########
♣♣.♣ #.# ♣♣.♣♣
#.# ♣.P.♣ #.#
♣♣...♣ #.#
#....# #.#
#....###.#


You could see Crazy Yiuf.

Vanquished Creatures
  3 adders (D:2)
  A worm (D:2)
  2 dart slugs
  3 ball pythons
  9 endoplasms
  A giant cockroach (D:2)
  4 hobgoblins
  10 jackals
  A quokka (D:1)
  5 bats
  8 frilled lizards
  10 goblins
  2 kobolds (D:2)
  2 rats
61 creatures vanquished.

Vanquished Creatures (others)
  5 fungi (D:2)
  2 plants (D:2)
  7 toadstools (D:1)
14 creatures vanquished.

Grand Total: 75 creatures vanquished

Notes
Turn   | Place    | Note
-------+----------+-------------------------------------------
     0 | D:1      | hquester the Gargoyle Earth Elementalist began the quest
                  | for the Orb.
     0 | D:1      | Reached XP level 1. HP: 10/10 MP: 3/3
   125 | D:1      | Reached skill level 4 in Earth Magic
   141 | D:1      | Reached XP level 2. HP: 4/15 MP: 0/5
  1190 | D:1      | Reached XP level 3. HP: 18/19 MP: 3/6
  1792 | D:2      | Found a faded altar of an unknown god.
  1804 | D:2      | Got Plato's Handbook of Poisoning
  2033 | D:2      | Reached XP level 4. HP: 24/24 MP: 3/7
  2085 | D:2      | Reached skill level 1 in Maces & Flails
  2818 | D:2      | Found a runed translucent door.
  2819 | D:2      | Noticed Crazy Yiuf
  2827 | D:2      | Mangled by Crazy Yiuf

Illustrated notes

Levels and vault maps discovered:
D:1:      nagdon_arrival_double_spiral, layout_basic, chequers_garden
D:2:      layout_basic, shapermc_ecumenical_altar_rom_forum,
          serial_corexii_hall, corexii_hall_statues_i,
          corexii_hall_statues_deadend, uniq_crazy_yiuf_cottage

Skill      XL: |  1  2  3  4 |
---------------+-------------+-----
Earth Magic    | 4 |  4.5
Dodging        | 2 |  2.2
Maces & Flails | 1 |  1.2
Fighting       | |  0.4
Polearms       | |  0.1
Stealth        | |  2.5
Spellcasting   | |  2.7
Transmutations | |  0.7

Action                   |  1- 3 |  4- 6 || total
-------------------------+-------+-------++-------
Melee: Spear             |    29 |       ||    29
       Mace              |    67 |    20 ||    87
 Cast: Sandblast         |    28 |    16 ||    44
 Stab: Sleeping          |     2 |     2 ||     4
Armor: Robe              |    51 |     7 ||    58
Dodge: Dodged            |    92 |    10 ||   102

Table legend: (Time is in decaauts)
 A = Elapsed time spent in this place.
 B = Non-inter-level travel time spent in this place.
 C = Inter-level travel time spent in this place.
 D = Time resting spent in this place.
 E = Time spent auto-exploring this place.
 F = Levels seen in this place.
 G = Mean time per level.
                   A        B        C        D        E       F      G
               +--------+--------+--------+--------+--------+-----+--------+
         Total |   2896 |   2896 |      0 |     49 |   2131 |   2 | 1448.0 |
       Dungeon |   2896 |   2896 |      0 |     49 |   2131 |   2 | 1448.0 |
               +--------+--------+--------+--------+--------+-----+--------+

Top non-repeatable levels by time:
     D:1: 1699 daAuts
     D:2: 1197 daAuts
